 Dungeon Crawl Stone Soup version 0.28.0-53-g5a82cb258f (webtiles) character file.

Game seed: 26016064728092626

1256 jjjjhere the Cleaver (level 8, 0/61 HPs)
             Began as a Hill Orc Enchanter on Oct 28, 2022.
             Was a Priest of Qazlal.
             Slain by a phantom (5 damage)
             ... on level 5 of the Dungeon.
             The game lasted 00:07:08 (5421 turns).

jjjjhere the Cleaver (Hill Orc Enchanter)           Turns: 5421, Time: 00:07:08

Health: 0/61       AC: 10    Str: 19    XL:     8   Next: 51%
Magic:  11/11      EV:  5    Int: 18    God:    Qazlal [***...]
Gold:   278        SH:  8    Dex: 11    Spells: 8/10 levels left

rFire   . . .      SeeInvis .   d - +0 hand axe
rCold   . . .      Faith    .   x - +0 buckler
rNeg    + . .      Spirit   .   g - +0 plate armour
rPois   +          Reflect  .   (no helmet)
rElec   .          Harm     .   (no cloak)
rCorr   .          Rampage  .   (no gloves)
Will    .....                   (no boots)
Stlth   ..........              (no amulet)
HPRegen 0.20/turn               j - ring of poison resistance
MPRegen 0.12/turn               k - ring "Mozil" {rN+ Str+6 Int+3}

@: brilliant, invisible
A: no striking features
a: Renounce Religion, Upheaval, Elemental Force


You were on level 5 of the Dungeon.
You worshipped Qazlal.
Qazlal was most pleased with you.
You visited 1 branch of the dungeon, and saw 5 of its levels.

You collected 278 gold pieces.

Inventory:

Hand Weapons
 a - a +1 dagger
 d - a +0 hand axe (weapon)
Armour
 b - a +0 robe
 g - a +0 plate armour (worn)
 x - a +0 buckler (worn)
Jewellery
 f - a ring of fire
 j - a ring of poison resistance (left hand)
 k - the ring "Mozil" (right hand) {rN+ Str+6 Int+3}
   (You took it off a hobgoblin on level 2 of the Dungeon)

   [ring of strength]

   Str:       It affects your strength (+6).
   Int:       It affects your intelligence (+3).
   rN:        It protects you from negative energy.
 r - a ring of wizardry
 u - a ring of protection from cold
Scrolls
 l - 3 scrolls of teleportation
 m - a scroll of fog
 q - a scroll of silence {unknown}
Potions
 e - a potion of attraction {unknown}
 h - a potion of flight {unknown}
 i - 3 potions of curing {unknown}
 n - a potion of heal wounds {unknown}
 o - a potion of cancellation {unknown}
 p - a potion of lignification {unknown}
 s - a potion of berserk rage {unknown}
 t - 2 potions of might
 w - a potion of haste


   Skills:
 - Level 2.2 Fighting
 - Level 1.0 Short Blades
 + Level 11.6 Axes
 - Level 1.5 Dodging
 - Level 2.4 Stealth
 + Level 1.6 Shields
 - Level 1.5 Spellcasting
 - Level 3.0 Hexes
 - Level 4.0 Invocations


You had 8 spell levels left.
You knew the following spells:

 Your Spells              Type           Power      Damage    Failure   Level
a - Ensorcelled Hibernat  Hex/Ice        20%        N/A       100%        2

Your spell library contained the following spells:

 Spells                   Type           Power      Damage    Failure   Level
 Freeze                   Ice            8%         1d3       100%        1
 Sandblast                Erth           4%         2d4       100%        1
 Passwall                 Tmut/Erth      1%         N/A       100%        2
 Confusing Touch          Hex            18%        N/A       100%        3
 Dazzling Flash           Conj/Hex       20%        N/A       100%        3
 Frozen Ramparts          Ice            4%         1d2       100%        3
 Stone Arrow              Conj/Erth      4%         3d7       100%        3
 Tukima's Dance           Hex            18%        N/A       100%        3
 Hailstorm                Conj/Ice       2%         3d3       100%        4


Dungeon Overview and Level Annotations

Branches:
Dungeon (5/15)             Temple (0/1) D:5

Altars:
Qazlal


Message History

Menkaure is severely damaged.
You hit Menkaure.
Menkaure is severely damaged.
You hit the phantom but do no damage. You block the phantom's attack.
Menkaure calls on the powers of darkness!
Your body is wracked with pain!
You hit Menkaure.
Menkaure is almost destroyed.
You hit the phantom. The phantom hits you.
* * * LOW HITPOINT WARNING * * *
The phantom blinks!
You blink.
Menkaure casts a spell.
Menkaure seems to speed up.
Unknown command.
You fade into invisibility!
The phantom barely misses you.
Menkaure calls on the powers of darkness!
Your body is wracked with pain!
* * * LOW HITPOINT WARNING * * *
You hit Menkaure.
Menkaure is almost destroyed.
You closely miss the phantom. Menkaure barely misses you.
The phantom hits you but does no damage.
You hit Menkaure but do no damage.
Menkaure is almost destroyed.
You hit the phantom.
Menkaure points at you and mumbles some strange words.
Pain shoots through your body!
* * * LOW HITPOINT WARNING * * *
The phantom hits you but does no damage.
You hit Menkaure.
You destroy Menkaure!
Qazlal accepts your kill.
You hit the phantom.
Your Shields skill increases to level 1!
It was a potion of brilliance.
You feel clever all of a sudden. The phantom hits you.
You die...

#.....##.####........##....
.......##.####...##.........
............#...............
# ###.##..............##.
#..####............##
...#.#...>.#....###
#......#.....###
##.°.§..#.....#
#...W@....##....
#..........#.#....##
##.#.......#......#
#........#.....#
.........###...# ..#.....#..
.### ...#.....#... . ..
..#..####..


You could see a phantom.

Vanquished Creatures
  Prince Ribbit (D:5)
  Grinder (D:4)
  Eustachio (D:4)
  Menkaure (D:5)
  An ice beast (D:5)
  A necrophage (D:3)
  A centaur (D:4)
  A phantom (D:4)
  A water moccasin skeleton (D:5)
  Jessica (D:3)
  6 adders
  A white imp (D:5)
  An ufetubus (D:4)
  2 adder skeletons (D:4)
  A worm (D:2)
  2 dart slugs
  6 orcs
  5 bats
  11 endoplasms
  2 giant cockroaches
  8 goblins
  13 hobgoblins
  3 jackals
  7 quokkas
  7 ball pythons
  3 frilled lizards
  7 kobolds
  9 rats
104 creatures vanquished.

Vanquished Creatures (others)
  An endoplasm (D:4)
1 creature vanquished.

Grand Total: 105 creatures vanquished

Notes
Turn   | Place    | Note
-------+----------+-------------------------------------------
     0 | D:1      | jjjjhere the Hill Orc Enchanter began the quest for the
                  | Orb.
     0 | D:1      | Reached XP level 1. HP: 14/14 MP: 3/3
    33 | D:1      | Reached skill level 1 in Fighting
   238 | D:1      | Reached XP level 2. HP: 24/24 MP: 4/4
   241 | D:1      | Learned a level 2 spell: Ensorcelled Hibernation
   406 | D:1      | Reached skill level 1 in Axes
   452 | D:1      | Found a faded altar of an unknown god.
   476 | D:1      | Prayed at the altar of an unknown god.
   476 | D:1      | Became a worshipper of Qazlal Stormbringer
   476 | D:1      | Reached * piety under Qazlal
   574 | D:1      | Reached skill level 2 in Axes
   650 | D:1      | Reached XP level 3. HP: 16/29 MP: 5/5
  1603 | D:2      | Reached skill level 3 in Axes
  1753 | D:2      | Identified the ring "Mozil" {rN+ Str+6 Int+3}
  1829 | D:2      | Identified the +2 robe of the Thistle {rN++}
  1890 | D:2      | Reached ** piety under Qazlal
  1952 | D:2      | Reached XP level 4. HP: 33/36 MP: 6/6
  2218 | D:2      | Noticed an ogre
  2242 | D:2      | Reached skill level 4 in Axes
  2290 | D:2      | HP: 11/36 [jackal (3)]
  3035 | D:3      | Reached skill level 5 in Axes
  3127 | D:3      | Noticed Jessica
  3134 | D:3      | Reached XP level 5. HP: 26/41 MP: 7/7
  3173 | D:3      | Killed Jessica
  3433 | D:3      | Noticed a necrophage
  3452 | D:3      | Killed a necrophage
  3453 | D:3      | Reached skill level 7 in Axes
  3453 | D:3      | Reached XP level 6. HP: 34/48 MP: 8/8
  3916 | D:4      | Noticed Grinder
  3926 | D:4      | Killed Grinder
  3927 | D:4      | Reached skill level 9 in Axes
  3927 | D:4      | Reached XP level 7. HP: 55/55 MP: 9/9
  4135 | D:4      | Noticed Eustachio
  4153 | D:4      | Killed Eustachio
  4154 | D:4      | Reached skill level 10 in Axes
  4279 | D:4      | Reached *** piety under Qazlal
  4499 | D:5      | Entered Level 5 of the Dungeon
  4523 | D:5      | Noticed Prince Ribbit
  4536 | D:5      | HP: 18/55 [Prince Ribbit (9)]
  4539 | D:5      | Killed Prince Ribbit
  4540 | D:5      | Reached skill level 11 in Axes
  4540 | D:5      | Reached XP level 8. HP: 19/61 MP: 10/10
  4878 | D:5      | Found a staircase to the Ecumenical Temple.
  5089 | D:5      | HP: 14/61 [ice beast (14)]
  5403 | D:5      | Noticed Menkaure
  5415 | D:5      | HP: 16/61 [phantom (6)]
  5419 | D:5      | HP: 5/61 [Menkaure/nerve-wracking pain (6)]
  5420 | D:5      | Killed Menkaure
  5421 | D:5      | Reached skill level 1 in Shields
  5421 | D:5      | Slain by a phantom

Illustrated notes

Levels and vault maps discovered:
D:1:      ncdulo_watergridlock, layout_loops_ring,
          ebering_ecumenical_altar_abandoned, minmay_misc_feat_roman,
          minivault_4, solitary_fountain
D:2:      layout_loops_ring, kennysheep_donut, minmay_joined_circles
D:3:      minmay_bubble_buster, layout_rooms, serial_bayou,
          serial_bayou_crossing, serial_bayou_lagoon_b, serial_bayou_pond_d,
          serial_bayou_pond_c, guppyfry_early_lair_pool, uniq_jessica
D:4:      layout_cave_pools, uniq_grinder, uniq_eustachio
D:5:      layout_cave_pools, minmay_temple_entry_glassed_door,
          hangedman_decor_clover_reticule, uniq_prince_ribbit1, uniq_menkaure

Skill      XL: |  1  2  3  4  5  6  7  8 |
---------------+-------------------------+-----
Fighting       | 2 |  2.2
Axes           | 2 3 5 7 9 11 | 11.6
Invocations    | 3 4 |  4.0
Shields        | 1 |  1.6
Short Blades   | |  1.0
Dodging        | |  1.5
Stealth        | |  2.4
Spellcasting   | |  1.5
Hexes          | |  3.0

Action                   |  1- 3 |  4- 6 |  7- 9 || total
-------------------------+-------+-------+-------++-------
Melee: Dagger            |    22 |       |       ||    22
       Hand axe          |    93 |   172 |   144 ||   409
       Punch             |     1 |     1 |     1 ||     3
Invok: Upheaval          |       |     1 |       ||     1
  Use: Scroll            |       |       |     3 ||     3
       Potion            |       |       |     2 ||     2
 Stab: Sleeping          |     4 |       |       ||     4
Armor: Robe              |    22 |       |       ||    22
       Plate armour      |    27 |   117 |    68 ||   212
Dodge: Dodged            |    64 |    36 |    30 ||   130
Block: Other             |     5 |    19 |    13 ||    37
       Buckler           |       |       |     2 ||     2
